 Dungeon Crawl Stone Soup version 0.31-a0-277-g31ea1f65cc (webtiles) character file.

Game seed: 11486312625862791505

103 Newt the Trooper (level 4, 0/38 HPs)
             Began as a Demonspawn Gladiator on July 16, 2023.
             Slain by an orc
             ... wielding a +0 trident
              (2 damage)
             ... on level 3 of the Dungeon.
             The game lasted 00:01:52 (1800 turns).

Newt the Trooper (Demonspawn Gladiator)             Turns: 1800, Time: 00:01:53

Health: 0/38       AC: 13    Str: 17    XL:     4   Next: 51%
Magic:  4/4        EV: 11    Int:  9    God:
Gold:   138        SH:  0    Dex: 14    Spells: 3/3 levels left

rFire   + . .        a - +0 rapier
rCold   . . .        (no shield)
rNeg    . . .        n - +2 scale mail {rF+}
rPois   +            c - +0 helmet
rElec   .            (no cloak)
rCorr   .            (no gloves)
SInv    .            (no boots)
Will    .....        (no amulet) Stlth
                     k - ring of poison resistance
HPRegen 0.26/turn    f - +4 ring of protection
MPRegen 0.09/turn

%: no passive effects
@: no status effects
A: sturdy frame 1
a: no special abilities


You were on level 3 of the Dungeon.
You visited 1 branch of the dungeon, and saw 3 of its levels.

You collected 138 gold pieces.

Inventory:

Hand Weapons
 a - a +0 rapier (weapon)
Missiles
 d - 2 throwing nets
 e - a javelin
 j - 5 boomerangs (quivered)
Armour
 b - a +0 leather armour
 c - a +0 helmet (worn)
 i - a +0 scale mail
 n - a +2 scale mail of fire resistance (worn)
Jewellery
 f - a +4 ring of protection (right hand)
 k - a ring of poison resistance (left hand)
 l - a ring of wizardry
Scrolls
 g - a scroll of poison
Potions
 h - a potion of haste
 o - a potion of attraction


   Skills:
 + Level 4.8 Fighting
 - Level 2.6 Short Blades
 - Level 1.7 Throwing
 - Level 2.6 Dodging


You had 3 spell levels left.
You didn't know any spells.
Your spell library contained the following spells:

 Spells                   Type           Power      Damage    Failure   Level
 Freeze                   Ice            0%         1d3       67%         1
 Frozen Ramparts          Ice            0%         1d1       95%         3
 Hailstorm                Conj/Ice       0%         3d3       95%         3


Dungeon Overview and Level Annotations

Branches:
Dungeon (3/15)

Altars:


Innate Abilities, Weirdness & Mutations

Your movements are slightly less encumbered by armour. (ER -2)


Message History

* * * LOW HITPOINT WARNING * * *
Something barely misses you.
The frilled lizard bites you but does no damage.
The frilled lizard attacks as you move away!
The frilled lizard bites you but does no damage.
You puncture the frilled lizard!
You kill the frilled lizard!
You hit the orc but do no damage. The orc hits you with a +0 dagger.
* * * LOW HITPOINT WARNING * * *
Unknown command.
You hit the orc but do no damage. The orc hits you with a +0 dagger.
* * * LOW HITPOINT WARNING * * *
The orc closely misses you.
Unknown command.
You closely miss the orc. The orc misses you. x2
The orc hits you but does no damage.
The orc hits you from afar with a +0 trident.
* * * LOW HITPOINT WARNING * * *
Unknown command.
Okay, then.
Throw: 5 boomerangs
Press: ? - help, Q - select action, (/) - cycle Shift-Dir - straight line, f - orc
Aim: an orc, wielding a +0 dagger and wearing a +0 scale mail (61% to hit)
You throw a boomerang.
The boomerang hits the orc but does no damage.
The orc hits you but does no damage. The orc closely misses you.
Throw: 5 boomerangs
Press: ? - help, Q - select action, (/) - cycle Shift-Dir - straight line, f/p - orc
Aim: an orc, wielding a +0 dagger and wearing a +0 scale mail (61% to hit)
Okay, then.
Throw: 3 throwing nets
Press: ? - help, Shift-Dir - straight line, f/p - orc
Aim: an orc, wielding a +0 dagger and wearing a +0 scale mail (61% to hit)
You throw a throwing net. The throwing net hits the orc.
The orc is caught in the net!
The orc struggles against the net.
The orc closely misses you.
Unknown command.
You hit the orc but do no damage.
The orc struggles against the net.
The orc hits you from afar with a +0 trident.
You die...

.#...###.††..........
.#...##......).......
..............)......
..#.#....†........###
# .)#.#.#..........##
#.#
..#.#.#.......####
...# ....#.#.......##
##..#
..............o##...#
..###.#..[....o@.# .#
#.#......#####
#......# .......!#
.####..## ... ####


You could see 2 orcs.

Vanquished Creatures
  An orc priest (D:3)
  3 adders (D:3)
  A dart slug (D:2)
  An orc (D:3)
  5 ball pythons
  7 goblins
  5 hobgoblins
  8 jackals
  7 bats
  4 frilled lizards
  A kobold (D:1)
  A rat (D:1)
44 creatures vanquished.

Notes
Turn   | Place    | Note
-------+----------+-------------------------------------------
     0 | D:1      | Newt the Demonspawn Gladiator began the quest for the Orb.
     0 | D:1      | Reached XP level 1. HP: 16/16 MP: 1/1
   352 | D:1      | Gained mutation: Your movements are slightly less
                  | encumbered by armour. (ER -2) [demonic ancestry]
   352 | D:1      | Reached XP level 2. HP: 23/23 MP: 2/2
   456 | D:1      | Reached skill level 3 in Fighting
   594 | D:1      | Found a faded altar of an unknown god.
  1054 | D:2      | Reached XP level 3. HP: 18/29 MP: 3/3
  1645 | D:3      | Reached skill level 4 in Fighting
  1724 | D:3      | Reached XP level 4. HP: 33/38 MP: 4/4
  1797 | D:3      | HP: 1/38 [orc/+0 trident (5)]
  1800 | D:3      | Slain by an orc

Illustrated notes

Levels and vault maps discovered:
D:1:      elethiomel_arrival_maze, layout_basic,
          dreamdust_ecumenical_altar_sealed_demon
D:2:      layout_basic
D:3:      layout_rooms

Skill      XL: |  1  2  3 |
---------------+----------+-----
Fighting       | 3 4 |  4.8
Short Blades   | |  2.6
Throwing       | |  1.7
Dodging        | |  2.6

Action                     |  1- 3 |  4- 6 || total
---------------------------+-------+-------++-------
  Melee: Rapier            |   142 |    27 ||   169
         Punch             |     2 |       ||     2
  Throw: Throwing net      |       |     1 ||     1
         Boomerang         |       |     1 ||     1
    Use: Scroll            |     5 |     1 ||     6
 Armour: Leather armour    |    29 |       ||    29
         Scale mail        |    49 |    25 ||    74
  Dodge: Dodged            |   118 |    28 ||   146

Table legend: (Time is in decaauts)
 A = Elapsed time spent in this place.
 B = Non-inter-level travel time spent in this place.
 C = Inter-level travel time spent in this place.
 D = Time resting spent in this place.
 E = Time spent auto-exploring this place.
 F = Levels seen in this place.
 G = Mean time per level.
                   A        B        C        D        E       F      G
               +--------+--------+--------+--------+--------+-----+--------+
         Total |   1809 |   1780 |     29 |      0 |   1418 |   3 |  603.0 |
       Dungeon |   1809 |   1780 |     29 |      0 |   1418 |   3 |  603.0 |
               +--------+--------+--------+--------+--------+-----+--------+

Top non-repeatable levels by time:
     D:1: 892 daAuts
     D:2: 692 daAuts
     D:3: 225 daAuts
